 Dungeon Crawl Stone Soup version 0.21.1-1-g345015fe64 (webtiles) character file.

136081 Henning the Severer (level 16, 0/149 HPs)
             Began as a Minotaur Fighter on June 20, 2018.
             Was the Champion of Trog.
             Succumbed to a wolf spider's poison
             ... on level 4 of the Spider Nest.
             The game lasted 01:25:45 (23529 turns).

Henning the Severer (Minotaur Fighter)             Turns: 23529, Time: 01:25:45

Health: 0/149      AC: 29    Str: 30      XL:     16   Next: 65%
Magic:  0/5        EV: 18    Int:  4 (5)  God:    Trog [******]
Gold:   3096       SH: 19    Dex: 20      Spells: 15/15 levels left

rFire    . . .     SeeInvis +   N - +2 war axe (antimagic)
rCold    . . .     Gourm    .   g - +0 shield {reflect}
rNeg     . . .     Faith    .   F - +4 plate armour {rPois}
rPois    +         Spirit   .   w - +2 hat
rElec    +         Reflect  +   (no cloak)
rCorr    .         Harm     .   K - +1 pair of gloves
MR       +++..                  o - +2 pair of boots of the Assassin {Detection Stab+ Stlth++}
Stlth    ..........             R - +3 amulet of reflection
HPRegen  1.34/turn              M - ring "Fyocsig" {Str+4 SInv}
MPRegen  0.09/turn              z - ring of the Final Moons {rElec Str+3 Dex+3 SInv}

@: lethally poisoned (0 -> -2), berserk cooldown, regenerating, slowed, very
slow
A: retaliatory headbutt, horns 2, talons 1, see invisible, strong 1
a: Berserk, Trog's Hand, Brothers in Arms, Burn Spellbooks, Renounce Religion


You were on level 4 of the Spider Nest.
You worshipped Trog.
Trog was exalted by your worship.
You were very hungry.

You visited 4 branches of the dungeon, and saw 25 of its levels.
You also visited: Sewer, Ossuary and Volcano.

You collected 3200 gold pieces.
You spent 104 gold pieces at shops.

Inventory:

Hand Weapons
 N - a +2 antimagic war axe (weapon)
 P - a +0 war axe of electrocution
Armour
 g - a +0 shield of reflection (worn)
 o - the +2 pair of boots of the Assassin (worn) {Detection Stab+ Stlth++}
   (You acquired it on level 2 of the Orcish Mines)

   It makes you much more stealthy.
 t - a +1 plate armour of magic resistance
 w - a +2 hat (worn)
 F - a +4 plate armour of poison resistance (worn)
 K - a +1 pair of gloves (worn)
Jewellery
 i - a +2 ring of evasion
 z - the ring of the Final Moons (right hand) {rElec Str+3 Dex+3 SInv}
   (You found it on level 10 of the Dungeon)

   [ring of strength]

   It affects your strength (+3).
   It affects your dexterity (+3).
   It insulates you from electricity.
   It lets you see invisible.
 G - an uncursed ring of protection from fire
 M - the ring "Fyocsig" (left hand) {Str+4 SInv}
   (You found it on level 11 of the Dungeon)

   [ring of see invisible]

   It affects your strength (+4).
   It lets you see invisible.
 O - an uncursed ring of protection from magic
 Q - an uncursed ring of resist corrosion
 R - a +3 amulet of reflection (around neck)
Wands
 y - a wand of enslavement (10)
 C - a wand of random effects (79)
 J - a wand of flame (56)
Scrolls
 b - a scroll of summoning {unknown}
 e - 3 scrolls of blinking
 h - 6 scrolls of remove curse
 m - 17 scrolls of teleportation
 q - 4 scrolls of identify
 r - 4 scrolls of immolation
 u - 2 scrolls of fog
 v - 3 scrolls of enchant weapon
 x - a scroll of enchant armour {unknown}
 D - 4 scrolls of fear
 H - 6 scrolls of magic mapping
Potions
 a - 4 potions of mutation
 d - 4 potions of might
 j - 9 potions of curing
 k - 5 potions of agility
 l - 4 potions of ambrosia
 n - 3 potions of resistance
 p - 5 potions of heal wounds
 s - 3 potions of haste
 A - 5 potions of invisibility
 B - 4 potions of flight
 E - 11 potions of brilliance
 I - 6 potions of lignification
Comestibles
 c - 2 chunks of flesh
 f - 46 rations


   Skills:
 + Level 15.6 Fighting
 + Level 16.9 Axes
 + Level 15.6 Armour
 + Level 14.1 Dodging
 + Level 16.5 Shields


You had 15 spell levels left.
You didn't know any spells.

Dungeon Overview and Level Annotations

Branches:
Dungeon (15/15)            Temple (0/1) D:5            Lair (4/6) D:11
  Swamp (0/4) Lair:3       Spider (4/4) Lair:4          Orc (2/2) D:11
    Elf (0/3) Orc:2        Vaults (0/5) D:13         Depths (0/5) D:15

Altars:
Fedhas
Gozag
Makhleb
Qazlal
Ru
Sif Muna
Trog
Yredelemnul
The Shining One
Beogh

Shops:
D:6 !   Orc:1 }   Orc:2 =}([


Innate Abilities, Weirdness & Mutations

You reflexively headbutt those who attack you in melee.
You have a pair of horns on your head.
You have sharp toenails.
You have supernaturally acute eyesight. (SInv)
Your muscles are strong. (Str +2)


Message History

The ghost moth is heavily wounded.
You slash the demonic crawler!
You feel sick.
The demonic crawler hits you but does no damage.
You block the demonic crawler's attack. The demonic crawler closely misses you.
The orb spider falters for a moment.
The ghost moth stares at you. The ghost moth hits you!
* * * LOW HITPOINT WARNING * * *
You feel dopey.
The ghost moth hits you but does no damage.
You block the ghost moth's attack.
A tarantella and an emperor scorpion come into view.
You are too berserk!
* * * LOW HITPOINT WARNING * * *
You feel sick.
You feel a strong urge to attack something.
You are no longer berserk.
You are exhausted.
You feel yourself slow down.
You die...

### #...# #.# #...##### ..#
##..###^.# .. ..## ##........##
≈.≈ ...###^.......?s#########
#.?^#
..^.#............#≈.#.#.#.≈^...
..^##.#<^..........#ssy†.s#
...(.#.#..^.......syysss(s#s
...........#....@#.†#.#≈#.....
..##....#.......###########...#
....#..........## ^..
##.............# ..
...........#..## #
...#..........# #......#..(#..#
.....#....#..^# #^............#


You could see 2 emperor scorpions, a ghost moth (invisible), a demonic crawler,
a moth of wrath, 4 orb spiders and a hornet.

Vanquished Creatures
  Rupert (Spider:1)
  Gastronok (Lair:2)
  Agnes (Spider:1)
  Donald (Spider:2)
  An orc warlord (Orc:2)
  3 emperor scorpions (Spider:3)
  3 entropy weavers
  2 spark wasps
  Snorg (D:10)
  2 fire dragons (D:15)
  2 ogre magi
  A vault guard (D:13)
  Harold (D:12)
  3 hydras
  6 centaur warriors
  11 two-headed ogres
  2 death yaks (Lair:3)
  An orc high priest (Orc:2)
  Urug (Lair:2)
  3 skeletal warriors (D:13)
  6 unseen horrors
  A necromancer (Spider:1)
  A deep elf archer (D:14)
  10 wolf spider zombies (Spider:1)
  5 orc knights
  26 wolf spiders
  12 ugly things
  10 orb spiders
  3 orc sorcerers
  3 cyclopes (D:13)
  A deep elf mage (D:7)
  2 manticores (D:13)
  2 slime creatures (D:6)
  6 oklob plants
  A moth of wrath (Spider:2)
  A black mamba (Lair:1)
  7 spiny frogs
  2 torpor snails
  2 gargoyles
  2 centaur skeletons
  6 komodo dragons
  6 redback zombies
  A yaktaur (Volcano)
  10 demonic crawlers
  3 kobold demonologists
  A meliai (D:13)
  21 trolls
  A polar bear (Lair:2)
  A freezing wraith (D:15)
  17 jumping spiders
  A tyrant leech (Lair:3)
  6 hornets
  7 tarantella zombies (Spider:1)
  9 hippogriffs
  7 blink frogs
  57 redbacks
  A shadow (D:15)
  19 tarantellas
  3 wraiths
  3 wyverns
  Sigmund (D:6)
  37 yaks
  4 basilisks (Lair:2)
  2 hungry ghosts
  A basilisk (shapeshifter) (D:13)
  2 wargs (Orc:2)
  Edmund (D:5)
  2 acid dragons (D:12)
  6 swamp worms (Lair:3)
  3 porcupines
  7 water moccasins
  42 orc warriors
  A hornet zombie (D:11)
  3 sky beasts
  6 ice beasts
  4 phantoms
  16 ogres
  4 wolves (Lair:3)
  The ghost of Lokiki the Skirmisher, an amateur DsMo of Makhleb (D:3)
  25 centaurs
  6 crocodiles
  8 big kobolds
  9 bullfrogs
  A wyvern zombie (D:15)
  2 gnoll sergeants
  4 scorpions
  22 killer bees
  An electric eel (D:12)
  4 howler monkeys
  13 wights
  5 crimson imps
  2 bullfrog zombies
  5 centaur zombies
  2 quasits (D:11)
  7 hounds
  10 jellies
  25 orc priests
  Jessica (D:3)
  6 iguanas
  9 worker ants
  Natasha (thrice) (D:4)
  28 orc wizards
  A hound skeleton (D:9)
  8 mummies (Ossuary)
  A worker ant zombie (D:7)
  7 gnolls
  16 adders
  3 river rats
  2 shadow imps
  6 oozes
  An adder zombie (D:9)
  An adder skeleton (D:7)
  14 worms
  3 dart slugs (D:1)
  2 leopard geckos
  107 orcs
  2 ball pythons
  12 bats
  8 giant cockroaches
  2 gnoll zombies (Ossuary)
  12 goblins
  9 hobgoblins
  13 jackals
  3 quokkas
  5 frilled lizards
  A goblin zombie (D:8)
  3 hobgoblin zombies (Ossuary)
  33 kobolds
  A kobold zombie (Ossuary)
  A leopard gecko skeleton (D:4)
  2 orc zombies (Ossuary)
  A quokka skeleton (D:7)
  12 rats
  A rat zombie (D:8)
  2 fungi
  9 plants
975 creatures vanquished.

Vanquished Creatures (others)
  7 fungi
  39 plants
  4 toadstools (D:6)
50 creatures vanquished.

Grand Total: 1025 creatures vanquished

Notes
Turn   | Place    | Note
-------+----------+-------------------------------------------
     0 | D:1      | Henning the Minotaur Fighter began the quest for the Orb.
     0 | D:1      | Reached XP level 1. HP: 19/19 MP: 0/0
    89 | D:1      | Reached XP level 2. HP: 27/27 MP: 1/1
   390 | D:1      | Reached XP level 3. HP: 28/33 MP: 2/2
   839 | D:2      | Reached skill level 1 in Dodging
  1063 | D:2      | Found a basalt altar of Yredelemnul.
  1117 | D:2      | Reached XP level 4. HP: 41/41 MP: 3/3
  1797 | D:3      | Noticed Jessica
  1797 | D:3      | Noticed Lokiki's ghost (amateur DsMo)
  1809 | D:3      | Killed Lokiki's ghost
  1809 | D:3      | Reached XP level 5. HP: 42/47 MP: 4/4
  1812 | D:3      | Killed Jessica
  2165 | D:4      | Reached skill level 5 in Fighting
  2165 | D:4      | Reached skill level 5 in Shields
  2165 | D:4      | Reached XP level 6. HP: 53/56 MP: 5/5
  2315 | D:4      | Reached skill level 5 in Armour
  2471 | D:4      | Noticed Natasha
  2479 | D:4      | Killed Natasha
  2562 | D:4      | Noticed Natasha
  2568 | D:4      | Killed Natasha
  2699 | D:4      | Noticed Natasha
  2708 | D:4      | Killed Natasha
  2734 | D:5      | Entered Level 5 of the Dungeon
  2747 | D:5      | Reached XP level 7. HP: 58/61 MP: 6/6
  2839 | D:5      | Found a bloodstained altar of Trog.
  2842 | D:5      | Became a worshipper of Trog the Wrathful
  2964 | D:5      | Found a staircase to the Ecumenical Temple.
  3183 | D:5      | Reached * piety under Trog
  3200 | D:5      | Found a glowing drain.
  3204 | Sewer    | Entered a sewer
  3238 | Sewer    | Reached skill level 5 in Axes
  3272 | Sewer    | Found a white marble altar of Elyvilon.
  3669 | D:5      | Noticed Edmund
  3679 | D:5      | Killed Edmund
  3679 | D:5      | Reached XP level 8. HP: 70/70 MP: 7/7
  3979 | D:6      | Found an opulent altar of Gozag.
  3986 | D:6      | Gained mutation: You are somewhat resistant to further mutation. [potion of mutation]
  3986 | D:6      | Gained mutation: You have supernaturally acute eyesight. (SInv) [potion of mutation]
  4109 | D:6      | Found Ufoep's Distillery.
  4208 | D:6      | Reached ** piety under Trog
  4527 | D:6      | Reached skill level 5 in Dodging
  4646 | D:6      | Noticed a slime creature
  4646 | D:6      | Noticed a slime creature
  4646 | D:6      | Noticed a slime creature
  4646 | D:6      | Noticed Sigmund
  4665 | D:6      | Killed Sigmund
  4665 | D:6      | Reached XP level 9. HP: 79/79 MP: 8/8
  4671 | D:6      | Killed a large slime creature
  4887 | D:6      | Bought a potion of mutation for 104 gold pieces
  4887 | D:6      | Lost mutation: You are somewhat resistant to further mutation. [potion of mutation]
  4887 | D:6      | Gained mutation: Your mind is acute. (Int +2) [potion of mutation]
  4887 | D:6      | Gained mutation: You have sharp toenails. [potion of mutation]
  4887 | D:6      | Lost mutation: Your mind is acute. (Int +2) [potion of mutation]
  4887 | D:6      | Gained mutation: Your muscles are strong. (Str +2) [potion of mutation]
  5240 | D:7      | Found a stormy altar of Qazlal.
  5581 | D:7      | Reached *** piety under Trog
  5606 | D:7      | Found a blossoming altar of Fedhas.
  5693 | D:7      | Found a deep blue altar of Sif Muna.
  5820 | D:7      | Noticed a deep elf mage
  5827 | D:7      | Killed a deep elf mage
  6060 | D:8      | Found a burning altar of Makhleb.
  6060 | D:8      | Found a sacrificial altar of Ru.
  6119 | D:8      | Reached XP level 10. HP: 66/90 MP: 9/9
  6125 | D:8      | Found a sand-covered staircase.
  6220 | Ossuary  | Entered an ossuary
  6243 | Ossuary  | Received a gift from Trog
  6561 | D:8      | Noticed a two-headed ogre
  6569 | D:8      | Killed a two-headed ogre
  6856 | D:8      | Reached **** piety under Trog
  7317 | D:9      | Noticed a two-headed ogre
  7321 | D:9      | Noticed a two-headed ogre
  7325 | D:9      | Killed a two-headed ogre
  7330 | D:9      | Killed a two-headed ogre
  7330 | D:9      | Reached skill level 10 in Shields
  7653 | D:10     | Entered Level 10 of the Dungeon
  7657 | D:10     | Got a pitted copper ring
  7659 | D:10     | Identified the ring of the Final Moons {rElec Str+3 Dex+3 SInv} (You found it on level 10 of the Dungeon)
  7745 | D:10     | Noticed an unseen horror
  7747 | D:10     | Reached XP level 11. HP: 67/97 MP: 10/10
  7750 | D:10     | Killed an unseen horror
  7750 | D:10     | Reached skill level 10 in Axes
  8164 | D:10     | Noticed Snorg
  8174 | D:10     | Killed Snorg
  8269 | D:10     | Reached ***** piety under Trog
  8270 | D:10     | Reached skill level 10 in Fighting
  8270 | D:10     | Reached skill level 10 in Armour
  8995 | D:11     | Noticed an oklob plant
  8996 | D:11     | Found a staircase to the Lair.
  9014 | D:11     | Killed an oklob plant
  9020 | D:11     | Got a bound amber ring
  9022 | D:11     | Identified the ring "Fyocsig" {Str+4 SInv} (You found it on level 11 of the Dungeon)
  9312 | D:11     | Found a staircase to the Orcish Mines.
  9432 | D:11     | Reached XP level 12. HP: 107/107 MP: 11/11
  9738 | D:12     | Noticed an eight-headed hydra
  9751 | D:12     | Killed a 13-headed hydra
 10103 | D:12     | Noticed a two-headed ogre
 10104 | D:12     | Noticed a two-headed ogre
 10121 | D:12     | Killed a two-headed ogre
 10127 | D:12     | Killed a two-headed ogre
 10257 | D:12     | Noticed Harold
 10267 | D:12     | Reached ****** piety under Trog
 10285 | D:12     | Killed Harold
 10373 | D:12     | Received a gift from Trog
 11148 | D:13     | Noticed a centaur warrior
 11162 | D:13     | Killed a centaur warrior
 11162 | D:13     | Reached skill level 10 in Dodging
 11195 | D:13     | Noticed a centaur warrior
 11217 | D:13     | Killed a centaur warrior
 11217 | D:13     | Reached XP level 13. HP: 116/116 MP: 12/12
 12076 | D:13     | Found a gate to the Vaults.
 12823 | D:14     | Received a gift from Trog
 13097 | D:15     | Entered Level 15 of the Dungeon
 13121 | D:15     | Reached XP level 14. HP: 89/127 MP: 13/13
 13391 | D:15     | Found a staircase to the Depths.
 13723 | Orc:1    | Entered Level 1 of the Orcish Mines
 14160 | Orc:1    | Found a roughly hewn altar of Beogh.
 14293 | Orc:1    | Received a gift from Trog
 14334 | Orc:1    | Found Mesiojuy's Gadget Boutique.
 14626 | Orc:2    | Entered Level 2 of the Orcish Mines
 14646 | Orc:2    | Identified a scroll of acquirement
 14647 | Orc:2    | Found the +2 pair of boots of the Assassin {Detection Stab+ Stlth++}
 14852 | Orc:2    | Found a roughly hewn altar of Beogh.
 14854 | Orc:2    | Found Amusiet's Jewellery Shoppe.
 14998 | Orc:2    | Found a roughly hewn altar of Beogh.
 15003 | Orc:2    | Received a gift from Trog
 15025 | Orc:2    | Found a staircase to the Elven Halls.
 15075 | Orc:2    | Found a roughly hewn altar of Beogh.
 15178 | Orc:2    | Found a roughly hewn altar of Beogh.
 15178 | Orc:2    | Found Cuak's Gadget Shoppe.
 15339 | Orc:2    | Found a roughly hewn altar of Beogh.
 15433 | Orc:2    | Found a roughly hewn altar of Beogh.
 15552 | Orc:2    | Noticed an orc warlord
 15565 | Orc:2    | Reached skill level 15 in Axes
 15568 | Orc:2    | Killed an orc warlord
 15578 | Orc:2    | Found a roughly hewn altar of Beogh.
 15578 | Orc:2    | Found Pirivet's Antique Armour Shoppe.
 15615 | Orc:2    | Found Umicvi's Antique Weapon Emporium.
 15835 | Lair:1   | Entered Level 1 of the Lair of Beasts
 17082 | Lair:2   | Noticed Urug
 17103 | Lair:2   | Killed Urug
 17124 | Lair:2   | Noticed Gastronok
 17136 | Lair:2   | Killed Gastronok
 17139 | Lair:2   | Reached XP level 15. HP: 74/137 MP: 14/14
 17220 | Lair:2   | Found a glowing golden altar of the Shining One.
 17395 | Lair:2   | Reached skill level 15 in Shields
 17512 | Lair:2   | Received a gift from Trog
 17878 | Lair:3   | Found a staircase to the Swamp.
 18668 | Lair:4   | Found a hole to the Spider Nest.
 18770 | Lair:4   | Found a dark tunnel.
 18779 | Volcano  | Entered a volcano
 19448 | Spider:1 | Entered Level 1 of the Spider Nest
 19487 | Spider:1 | Received a gift from Trog
 20613 | Spider:2 | Noticed Donald
 20624 | Spider:2 | Killed Donald
 20862 | Spider:1 | Noticed Rupert
 20877 | Spider:1 | Killed Rupert
 20923 | Spider:1 | Received a gift from Trog
 21121 | Spider:1 | Reached XP level 16. HP: 147/147 MP: 5/15
 21165 | Spider:1 | Noticed Agnes
 21182 | Spider:1 | Killed Agnes
 21182 | Spider:1 | Reached skill level 15 in Fighting
 21224 | Spider:1 | Reached skill level 15 in Armour
 22166 | Spider:3 | Received a gift from Trog
 23133 | Spider:4 | Entered Level 4 of the Spider Nest
 23525 | Spider:4 | HP: 11/223 [poisoned by a wolf spider]
 23527 | Spider:4 | HP: 1/223 [ghost moth (10)]
 23529 | Spider:4 | Succumbed to a wolf spider's poison

Skill      XL: |  1  2  3  4  5  6  7  8  9 10 11 12 13 14 15 16 |
---------------+-------------------------------------------------+-----
Fighting       | 4 5 6 7 8 9 10 11 12 13 14 15 | 15.6
Shields        | 4 5 6 7 8 10 11 12 13 14 15 16 | 16.5
Armour         | 4 5 6 7 8 9 10 11 12 13 14 15 | 15.6
Dodging        | 1 2 3 4 5 6 7 8 10 11 12 13 14 | 14.1
Axes           | 3 4 5 6 8 9 11 13 14 15 16 | 16.9

Action                   |  1- 3 |  4- 6 |  7- 9 | 10-12 | 13-15 | 16-18 || total
-------------------------+-------+-------+-------+-------+-------+-------++-------
Melee: War axe           |   105 |   107 |   306 |   640 |  1196 |   357 ||  2711
       Headbutt          |    15 |    24 |    61 |   188 |   437 |   132 ||   857
       Kick              |       |       |    18 |   138 |       |       ||   156
Invok: Berserk           |       |       |     1 |     4 |     2 |     1 ||     8
       Trog's Hand       |       |       |     1 |     1 |     1 |     1 ||     4
       Burn Spellbooks   |       |       |       |     1 |     2 |       ||     3
  Use: Scroll            |       |       |    10 |     9 |    12 |       ||    31
       Potion            |       |       |     2 |     1 |       |       ||     3
 Stab: Held in net/web   |       |       |       |       |       |     1 ||     1
  Eat: Chunk             |     1 |     5 |    13 |    23 |    32 |     8 ||    82
       Ration            |       |       |       |       |     1 |       ||     1
Armor: Scale mail        |    39 |    17 |       |       |       |       ||    56
       Plate armour      |       |    44 |   158 |   253 |   317 |   184 ||   956
Dodge: Dodged            |    34 |    33 |   101 |   306 |   418 |   218 ||  1110
Block: Shield            |    59 |    60 |   163 |   526 |   784 |   406 ||  1998
